Cogmind - Beta 11 @@@ ROGUE MODE // 2022.04.21 @ 11:06:32 Player: Klevski Result: Destroyed by G-34 Mercenary with Small Laser Performance ------------- Evolutions (1) 500 Regions Visited (3) 600 Robots Destroyed (41) 205 Value Destroyed (1237) 1237 Prototype IDs (5) 100 Alien Tech Used (0) 0 Bonus (117) 117 TOTAL SCORE: 2759 Bonus ------- High Alert Combat Kills 117 Cogmind --------- Core Integrity 0/400 Matter 300/300 Energy 280/280 System Corruption 0% Temperature Cool (6) Movement Core (250) Ox4 Location -9/Materials Parts ------- > --- POWER (1) -------- Heavy Ion Engine > --- PROPULSION (3) --- (None) > --- UTILITY (3) ------ Small Storage Unit Visual Processing Unit > --- WEAPON (2) ------- Mace > --- INVENTORY (8) ---- Light Ion Engine Signal Interpreter Shield Generator Rocket Launcher Maul Maul Maul Peak State ------------ > --- POWER ------------ Light Ion Engine > --- PROPULSION ------- Improved Hover Unit Improved Hover Unit Improved Hover Unit > --- UTILITY ---------- Small Storage Unit Visual Processing Unit Light Armor Plating > --- WEAPON ----------- Maul Maul > --- INVENTORY -------- Light Ion Engine Rocket Launcher Maul Maul [Rating: 15] Favorites ----------- Power Light Ion Engine Engine Light Ion Engine Power Core Light Nuclear Core Propulsion Light Treads Treads Light Treads Leg Aluminum Leg Hover Unit Improved Hover Unit Flight Unit Flight Unit Utility Small Storage Unit Storage Small Storage Unit Processor Visual Processing Unit Protection Light Armor Plating Weapon Maul Energy Gun Medium Laser Ballistic Gun Heavy Assault Rifle Impact Weapon Maul Build | -11 -10 -10 -9 ------- Run | Scr Mat Min Mat Slots Evolved 2 | . . . 2 Power . | . . . . Propulsion 1 | . . . 1 Utility 1 | . . . 1 Weapon . | . . . . Parts Attached 34 | 6 14 5 9 Power 5 | 1 2 1 1 Engine 4 | 1 1 1 1 Core 1 | . 1 . . Reactor . | . . . . Propulsion 12 | 2 4 2 4 Treads 4 | 2 2 . . Leg 2 | . . . 2 Wheel . | . . . . Hover 5 | . 2 1 2 Flight 1 | . . 1 . Utility 7 | 1 3 1 2 Device . | . . . . Storage 1 | 1 . . . Processor 1 | . . . 1 Hackware . | . . . . Protection 5 | . 3 1 1 Artifact . | . . . . Weapon 10 | 2 5 1 2 Energy Gun 2 | 1 1 . . Energy Cannon . | . . . . Ballistic Gun 3 | 1 2 . . Ballistic Cannon . | . . . . Launcher . | . . . . Special Weapon . | . . . . Impact Weapon 5 | . 2 1 2 Slashing Weapon . | . . . . Piercing Weapon . | . . . . Special Melee Weapon . | . . . . Unidentified Prototypes . | . . . . Parts Lost 11 | . . 2 9 Power 2 | . . 1 1 Propulsion 6 | . . 1 5 Utility 2 | . . . 2 Weapon 1 | . . . 1 Highest Loss Streak 5 | . . 2 5 To Critical Strikes . | . . . . Average Slot Usage (%) 83 | . 93 74 70 Engine 7 | . 9 3 5 Core 3 | . 4 10 . Treads 11 | . 20 . . Leg 4 | . . . 11 Hover 9 | . 7 26 7 Storage 12 | . 14 14 11 Processor 3 | . . . 10 Protection 8 | . 10 5 4 Energy Gun 2 | . 3 . . Ballistic Gun 9 | . 17 . . Impact Weapon 10 | . 3 14 20 Naked Turns . | . . . . Heaviest Build 19 | 13 19 16 19 Greatest Support 40 | 40 40 14 23 Greatest Overweight (x) 4 | . 2 4 4 Average Overweight (x) . | . . . . Largest Inventory Capacity 8 | 8 8 8 8 Average Capacity 7 | 6 8 8 8 Most Carried 8 | 5 8 8 7 Average Carried 6 | 3 7 7 5 Final Capacity 8 | 8 8 8 8 Final Carried 8 | 5 8 7 7 Class Distribution -------------------- 100% | Mutant Dominant Class ---------------- Mutant | -10/Materials Mutant | -10/Mines Mutant | -9/Materials Resources | -11 -10 -10 -9 ----------- Run | Scr Mat Min Mat Matter Collected 699 | 234 331 54 80 Remotely . | . . . . Salvage Created 1383 | . 491 175 717 Parts 56 | . 23 4 29 Haulers Intercepted 4 | . 2 . 2 Recyclers Shooed . | . . . . Parts Field Recycled . | . . . . Retrieved Matter . | . . . . Parts Self-Destructed . | . . . . Prevented . | . . . . Kills | -11 -10 -10 -9 ------- Run | Scr Mat Min Mat Combat Hostiles Destroyed 36 | . 10 7 19 Melee 14 | . 3 3 8 Guns 6 | . 6 . . Classes Destroyed 5 | . 2 1 2 Hauler 4 | . 2 . 2 Watcher 1 | . . . 1 Swarmer 7 | . . 3 4 Grunt 23 | . 10 4 9 Sentry 6 | . . . 6 Best Kill Streak 7 | . 3 7 7 Combat Bots Only 7 | . 4 7 7 Max Kills in Single Turn 1 | . 1 1 1 Gunslinging . | . . . . Exploded . | . . . . Melee 1 | . 1 1 1 Uniques/NPCs Destroyed . | . . . . Combat | -11 -10 -10 -9 -------- Run | Scr Mat Min Mat Damage Taken 2084 | . 655 239 1190 Core 570 | . 123 43 404 Absorbed by Shields . | . . . . Redirected to Shielding 52 | . . . 52 Core Remaining (%) 66 | 100 . 33 . Volleys Fired 47 | . 47 . . Largest 2 | . 2 . . Hottest 70 | . 70 . . Shots Fired 86 | . 86 . . Gun 86 | . 86 . . Cannon . | . . . . Launcher . | . . . . Special . | . . . . Kinetic 66 | . 66 . . Thermal 20 | . 20 . . Explosive . | . . . . Electromagnetic . | . . . . Robot Hit Streak 7 | . 7 . . Robot Miss Streak 12 | . 12 . . Penetration Max . | . . . . Secondary Targets . | . . . . Shots Hit Robots 129 | . 61 13 55 Core Hits 30 | . 20 3 7 Critical Kills 2 | . 1 . 1 Critical Parts Destroyed 14 | . 2 2 10 Critical Strikes 18 | . 4 2 12 Burn 1 | . 1 . . Smash 17 | . 3 2 12 Melee Attacks 98 | . 12 16 70 Impact 98 | . 12 16 70 Slashing . | . . . . Piercing . | . . . . Sneak Attacks 6 | . . 2 4 Combat Hostiles 2 | . . 2 . Follow-up Attacks 7 | . 1 . 6 Damage Inflicted 3795 | . 1106 613 2076 Guns 629 | . 629 . . Cannons . | . . . . Explosions . | . . . . Melee 3166 | . 477 613 2076 Ramming . | . . . . Kinetic 406 | . 406 . . Thermal 223 | . 223 . . Explosive . | . . . . Electromagnetic . | . . . . Impact 3166 | . 477 613 2076 Slashing . | . . . . Piercing . | . . . . Highest Corruption 2 | . 2 2 . Average Corruption 1 | . 1 2 . Corruption Purged . | . . . . Corruption Blocked . | . . . . Effects 19 | . 14 5 . Message Errors 4 | . 4 . . Matter Fused 4 | . 3 1 . Heat Flow Errors 2 | . 1 1 . Energy Discharges 1 | . 1 . . Parts Rejected 1 | . . 1 . Data Loss (minor) 3 | . 1 2 . Data Loss (major) 2 | . 2 . . Alerts 2 | . 2 . . Overload Shots . | . . . . Overflow Damage 864 | . 91 167 606 Projectiles 9 | . . . 9 Explosions . | . . . . Melee 855 | . 91 167 597 Knockbacks 9 | . 2 . 7 Impact 8 | . 2 . 6 Kinetic . | . . . . Secondary 1 | . . . 1 Self-Inflicted Damage . | . . . . Shots . | . . . . Rammed . | . . . . Targets Rammed . | . . . . Kicked . | . . . . Crushed . | . . . . Highest Temperature 342 | . 342 180 7 Average Temperature 129 | . 135 82 7 Received Heat Transfer 1020 | . 393 105 522 Effects 4 | . 4 . . Shutdowns 1 | . 1 . . Energy Bleed 1 | . 1 . . Interference 2 | . 2 . . Siege Activations . | . . . . Robots Corrupted . | . . . . Combat Hostiles . | . . . . Parts Fried 24 | . 1 6 17 Impact Corruptions 39 | . 4 8 27 Robots Melted . | . . . . Combat Hostiles . | . . . . Parts Melted 3 | . 3 . . Heat Transferred 740 | . 740 . . Parts Sabotaged . | . . . . Parts Stolen . | . . . . Parts Stripped . | . . . . Power Chain Reactions . | . . . . Missiles Intercepted . | . . . . Alert | -11 -10 -10 -9 ------- Run | Scr Mat Min Mat Peak Influence 586 | . 205 161 586 Initial 62 | . . 31 62 Average 191 | . 63 63 433 Maximum Alert Level 2 | . 1 . 2 Low Security (%) 68 | 100 97 100 14 Level 1 4 | . 2 . 8 Level 2 27 | . . . 77 Level 3 . | . . . . Level 4 . | . . . . Level 5 . | . . . . High Security . | . . . . Max Security . | . . . . Squads Dispatched 6 | . 2 1 3 Investigation 4 | . 2 . 2 Extermination . | . . . . Reinforcement 1 | . . . 1 Assault 1 | . . 1 . Garrison . | . . . . Intercept . | . . . . Searches Triggered . | . . . . Construction Impeded . | . . . . Haulers Reinforced . | . . . . Active Scanning Responses . | . . . . Cargo Convoy Interrupts . | . . . . Stealth | -11 -10 -10 -9 --------- Run | Scr Mat Min Mat Distress Signals 3 | . 2 . 1 Communications Jammed . | . . . . Distress Signals . | . . . . Times Spotted 53 | . 16 6 31 Peak Tracking Total 7 | . 5 3 7 Tactical Retreats 6 | . 2 . 4 Traps | -11 -10 -10 -9 ------- Run | Scr Mat Min Mat Traps Triggered 4 | . 3 . 1 Indirectly . | . . . . Trap Hack Attempts . | . . . . Triggered . | . . . . Disarmed . | . . . . Reprogrammed 6 | . 6 . . Reused 1 | . 1 . . Traps Extracted . | . . . . Installed . | . . . . Triggered 1 | . 1 . . Machines | -11 -10 -10 -9 ---------- Run | Scr Mat Min Mat Machines Disabled . | . . . . Max in Single Turn . | . . . . Machines Sabotaged . | . . . . Garrisons Compromised . | . . . . Overloaded Fab Kills . | . . . . Hacking | -11 -10 -10 -9 --------- Run | Scr Mat Min Mat Machines Accessed 16 | . 9 . 7 Terminals 13 | . 7 . 6 Fabricators . | . . . . Repair Stations 1 | . . . 1 Recycling Units 2 | . 2 . . Scanalyzers . | . . . . Garrison Access . | . . . . Total Hacks 46 | . 25 . 21 Successful 23 | . 16 . 7 Failed 23 | . 9 . 14 Catastrophic 2 | . . . 2 Database Lockouts . | . . . . Manual 31 | . 19 . 12 Terminals 42 | . 23 . 19 Fabricators . | . . . . Repair Stations 2 | . . . 2 Recycling Units 2 | . 2 . . Scanalyzers . | . . . . Garrison Access . | . . . . Terminal Hacks 12 | . 11 . 1 Robot Analysis 6 | . 5 . 1 Prototype ID Bank 3 | . 3 . . Terminal Index 1 | . 1 . . Unreport Threat 1 | . 1 . . Reprogram Traps 1 | . 1 . . Fabricator Hacks . | . . . . Repair Station Hacks . | . . . . Recycling Unit Hacks . | . . . . Scanalyzer . | . . . . Garrison Access Hacks . | . . . . Unauthorized Hacks 11 | . 5 . 6 Terminals 9 | . 3 . 6 Track 2 | . . . 2 Botnet 6 | . 3 . 3 Operators 1 | . . . 1 Fabricators . | . . . . Repair Stations . | . . . . Recycling Units 2 | . 2 . . Tunnel 2 | . 2 . . Scanalyzers . | . . . . Garrison Access . | . . . . Data Cores Recovered . | . . . . Used . | . . . . Hacking Detections 14 | . 7 . 7 Full Trace Events 1 | . . . 1 Feedback Events . | . . . . Feedback Blocked . | . . . . Robot Schematics Acquired . | . . . . Robots Built . | . . . . Authchips . | . . . . Time . | . . . . Total Robot Build Rating . | . . . . Part Schematics Acquired . | . . . . Parts Built . | . . . . Authchips . | . . . . Time . | . . . . Total Part Build Rating . | . . . . Parts Repaired . | . . . . Time . | . . . . Parts Recycled . | . . . . Recycled Matter . | . . . . Retrieved Matter . | . . . . Retrieved Components . | . . . . Parts Scanalyzed . | . . . . Part Schematics Acquired . | . . . . Parts Damaged . | . . . . Bothacking | -11 -10 -10 -9 ------------ Run | Scr Mat Min Mat Used RIF Installer . | . . . . Robots Hacked . | . . . . Non-combat . | . . . . Combat . | . . . . Robot Hacks Applied . | . . . . Relay Couplers Released . | . . . . Fabnet Peak Effective % . | . . . . Robots Rewired . | . . . . Allies Hacked . | . . . . Hacks Repelled . | . . . . Allies | -11 -10 -10 -9 -------- Run | Scr Mat Min Mat Total Allies 1 | . . 1 . Largest Group 1 | . . 1 . Highest-Rated Group 31 | . . 31 . Highest-Rated Ally 31 | . . 31 . Total Orders . | . . . . Ally Attacks 7 | . . 7 . Total Damage 104 | . . 104 . Kills . | . . . . Allies Corrupted . | . . . . Allies Melted . | . . . . Intel | -11 -10 -10 -9 ------- Run | Scr Mat Min Mat Robot Analysis Total 5 | . 4 . 1 Derelict Logs Recovered 1 | . . 1 . Drone Launches . | . . . . Drone Recoveries . | . . . . Exploration | -11 -10 -10 -9 ------------- Run | Scr Mat Min Mat Turns Passed 2136 | 71 1099 212 754 Spaces Moved 1491 | 39 775 181 496 Core 43 | 4 . 5 34 Treads 437 | 35 402 . . Legs 254 | . . . 254 Wheels . | . . . . Hover 757 | . 373 176 208 Flight . | . . . . Fastest Speed 50 | 50 56 56 52 Average Speed 104 | 148 110 62 106 Slowest Speed 250 | 160 180 250 250 Overloaded Moves . | . . . . Propulsion Burnouts . | . . . . Robots Hopped . | . . . . Cave-ins Triggered . | . . . . Exploration Rate (%) 41 | 4 81 45 37 Regions Visited 3 Branch Regions 1 Pre-discovered Areas 2 | . 2 . . Known Exits Taken . | . . . . Unknown Exits Taken 3 | 1 1 1 . Scrap Searched 1 | . . 1 . Spaces Dug 1 | . . . 1 Terrain Destroyed 1 | . . . 1 Melee 1 | . . . 1 Projectile . | . . . . AOE . | . . . . Terrain Rammed . | . . . . Walls Destroyed . | . . . . Machines Disabled . | . . . . Actions | -11 -10 -10 -9 --------- Run | Scr Mat Min Mat Total 1828 | 50 927 251 600 Wait 122 | . 47 43 32 Move 1488 | 38 774 180 496 Hop . | . . . . Pick Up 24 | 6 12 4 2 Fast Attach 19 | 5 8 1 5 Attach 11 | 1 3 4 3 Detach 3 | . 3 . . Swap 4 | . 3 . 1 Drop 23 | . 20 3 . Fire 47 | . 47 . . Melee 87 | . 10 16 61 Ram . | . . . . Kick . | . . . . Crush . | . . . . Escape Stasis . | . . . . Rewire . | . . . . Trap . | . . . . Miscellaneous . | . . . . Route ------- -11/Scrapyard -10/Materials (discovered 4 exits: *Mat x3 / [*Min]) -10/Mines -9/Materials (discovered 3 exits: [*Mat x2] / [*Sto]) History --------- Turn | Location | Event 2 | -11/Scrapyard | Discovered new exit (range 16) 72 | -11/Scrapyard | Entered Materials 289 | -10/Materials | Discovered new exit (range 13) 305 | -10/Materials | Build established: Mutant 557 | -10/Materials | Discovered new exit (range 5) 609 | -10/Materials | Discovered new exit (range 15) 709 | -10/Materials | Discovered new exit (range 6) 1171 | -10/Materials | Entered Mines 1195 | -10/Mines | Received a Rocket Launcher from a helpful Derelict 1201 | -10/Mines | Met a Derelict testing a Signal Generator 1211 | -10/Mines | Learned Materials stockpile data 1299 | -10/Mines | Core integrity fell below 50% 1361 | -10/Mines | Discovered new exit (range 5) 1378 | -10/Mines | Destroyed 7 combat bots 1383 | -10/Mines | Entered Materials 1383 | -9/Materials | Evolved 2 slots: Propulsion x1, Utility x1 1388 | -9/Materials | Discovered new exit (range 13) 1441 | -9/Materials | Discovered new exit (range 16) 1608 | -9/Materials | Lost 5 parts (1p3n1u) 1610 | -9/Materials | Destroyed 7 combat bots 1922 | -9/Materials | Core integrity fell below 50% 2020 | -9/Materials | Core integrity fell below 20% 2082 | -9/Materials | Lost 3 parts (2n1w) 2097 | -9/Materials | Discovered new exit (range 18) 2137 | -9/Materials | Destroyed by G-34 Mercenary with Small Laser Last Messages --------------- 02046_ S-10 Pest system terminally corrupted. 02048_ Electrolysis Chamber disabled. 02051_ Y-45 Defender suffers critical hit (Smash). 02051_ Maul destroyed. 02054_ Y-45 Defender suffers critical hit (Smash). 02054_ Destroyed Hvy. Assault Rifle. 02054_ Y-45 Defender system corrupted by crushing effect. 02060_ Y-45 Defender IFF system glitched. 02065_ Heat Sink fried. 02065_ Y-45 Defender destroyed. 02097_ EXIT=FOUND 02101_ O-16 Technician: "IFF HANDSHAKE FAILED. SECURING TERMINAL." 02102_ Connecting with Terminal... 02103_ K-01 Serf collects debris. 02105_ ALERT: Hostiles spotted, dispatching reinforcements to Terminal M003. 02106_ Connecting with Terminal... 02106_ ALERT: Suspicious activity at Terminal M012. Dispatching Investigation squad. 02114_ K-01 Serf collects debris. Map ----- +----------------------------------------------------+ | ?????????????????????????????????????????????????? | | ?????????????????????????????????????????????????? | | ?????????????????????????????????????????????????? | | ?????????????????????????????????????????????????? | | ?????????????????????????????????????????????????? | | ?????????????????????????????????????????????????? | | ?????????????????????????????????????????????????? | | ?????????????????????????????????????????????????? | | ?????????????????????????????????????????????????? | | ?????????? ????????????????????????????????????? | | ?????????# < ????????????????????????????????????? | | ?????????# ????????????????????????????????????? | | ????????o+ ?????????????????##?????????????????? | | ?????????# ???????????????? ##????????????????? | | ?????????# ???????????????? ?????????????????? | | ?????????# ???????????????? ?????????????????? | | ?????????# ???????????????? ??????????????????? | | ?????????# #?????????????? ??????????????????? | | ?????????# #?????????????? #??????????????????? | | ?????????# #?????????????? #??????????????????? | | ?????????# #?????????????? #??????????????????? | | ?????????# #????????????? #??????????????????? | | ????????## ##???????????? #??????????????????? | | ###+### #???????????? #??????????????????? | | ############# #??????????????????? | | T g % @ +??????????????????? | | k #??????????????????? | | ???###### #??????????????????? | | ?############# ############??????????????????? | | ?# % k #?????????????????????????????? | | ?# = %%%#?????????????????????????????? | | ?# [%[ %%=#?????????????????????????????? | | ?# !###+########/########???????????????????????? | | ?# # # [%* #???????????????????????? | | ?# *]# # """ """ """ #???????????????????????? | | ?# ]%# # "" """ """ #???????????????????????? | | ?# # # """ """ """ #???????????????????????? | | ?# # # #???????????????????????? | | ?# # # ????????????????????????? | | ?# !# ###############???????????????????????? | | ?# %# #?????????????????????????????????????? | | ?# # #?????????????????????????????????????? | | ##% %# #?????????????????????????????????????? | | %% # #?????????????????????????????????????? | | % # #?????????????????????????????????????? | | % #######?????????????????????????????????????? | | ######???????????????????????????????????????????? | | #????????????????????????????????????????????????? | | #????????????????????????????????????????????????? | | #????????????????????????????????????????????????? | +----------------------------------------------------+ Best States ------------- Heat Dissipation 28 Energy Generation 14 Energy Capacity 280 Matter Stores 300 Matter Capacity 300 Sight Range 18 Terrain Scan Density 10 Armor Coverage 150 Propulsion Shielding 33 Evasion (%) 55 Recoil Reduction 2 Item Schematics ----------------- None Robot Schematics ------------------ None Fabricated ------------ Nothing Alien Tech Used ----------------- None Achievements -------------- None Challenges ------------ None Game ------ Seed HoverZioniteWheel Manual? 0 Play Time 00:30:03 Cumulative 100.9 hours Start 2022.04.21 @ 10:39:09 End 2022.04.21 @ 11:06:32 Sessions 1 Manual Loads 0 Difficulty Rogue Special Mode None Game No. 37 Rogue 37 Adventurer 0 Explorer 0 Win Type - Total 0 Types 0/0/0/0/0/0/0/0/0 Lore% 45 Gallery% 56 Achievement% 47 Wizard Run 0 Options --------- ASCII 0 Keyboard 0 Movement Numpad Keybinds 0 Fullscreen 1 Font 24/Smallcaps Map View 76x50 Tactical HUD 1 Map Filters NONE Filters NONE Steam 1 RUN: 15e58db1-5fff-4811-bbbe-6ed71c18195a